Devils vs Ducks

Created - December 20 2006 at 19:24

Goals
1 2 3 T
Devils 2 0 1 3
Ducks 0 1 0 1
Shots
1 2 3 T
Devils 15 8 14 37
Ducks 9 9 10 28

Period #1

1. Devils , Scott Gomez 6 (Patrik Elias) at 4:46 (PP)
2. Devils , Brian Gionta 10 (Mike Comrie, Mike Ribeiro) at 6:31 (PP)

Penalities :
Ryan Getzlaf (ANA) for Kneeing (Major) at 0:25, Chris Pronger (ANA) for Delaying the game (Minor) at 6:05, Samuel Pahlsson (ANA) for Cross-checking (Minor) at 17:04

Period #2

3. Ducks , Teemu Selanne 6 (Chris Pronger, Scott Niedermayer) at 0:12

Penalities :
Francois Beauchemin (ANA) for Roughing (Minor) at 1:30, Jamie Langenbrunner (NJD) for Kneeing (Major) at 7:45, Jason Marshall (ANA) for Holding (Minor) at 16:08

Period #3

4. Devils , Richard Matvichuk 1 (John Madden, Juraj Kolnik) at 11:23

Penalities :
Colin White (NJD) for Tripping (Minor) at 2:13, Brian Gionta (NJD) for Delaying the game (Minor) at 6:52, JS Giguere (ANA) for Delaying the game (Minor) at 12:30 - Ryan Getzlaf served the penalty., Mike Van Ryn (ANA) for Elbowing (Minor) at 16:07, Colin White (NJD) for Roughing (Minor) at 16:07

Goalie Stats

Patrick Lalime (NJD), 27 saves from 28 shots - (0.964), W, 4-0-0, 60:00 minutes
JS Giguere (ANA), 34 saves from 37 shots - (0.919), L, 4-3-4, 60:00 minutes

Players Stats

Devils
Player Name              G  A  P  +/- PIM S  H  SB FO MP 
-----------------------------------------------------------
Brian Gionta             1  0  1   0  2   6  0  0  3  21 
Brian Rafalski           0  0  0  -1  0   0  0  1  0  25 
Chris Campoli            0  0  0   1  0   1  1  2  0  23 
Chris Chelios            0  0  0   0  0   1  1  1  0  16 
Colin White              0  0  0  -1  4   1  1  2  0  23 
Jamie Langenbrunner      0  0  0   0  5   1  0  0  0  6  
Jay Pandolfo             0  0  0   0  0   2  0  0  0  9  
John Madden              0  1  1   1  0   3  0  0  1  17 
Juraj Kolnik             0  1  1   1  0   1  0  0  2  13 
Mike Comrie              0  1  1   0  0   3  0  0  21 20 
Mike Ribeiro             0  1  1   0  0   2  2  0  0  20 
Miroslav Satan           0  0  0  -1  0   2  1  0  1  15 
Patrik Elias             0  1  1  -1  0   4  0  0  2  17 
Paul Martin              0  0  0   0  0   0  0  2  0  24 
Richard Matvichuk        1  0  1   1  0   1  2  1  0  14 
Scott Gomez              1  0  1  -1  0   2  0  0  24 20 
Sergei Brylin            0  0  0   0  0   4  0  0  16 10 
Zach Parise              0  0  0   1  0   3  0  0  14 13 
Ducks
Player Name              G  A  P  +/- PIM S  H  SB FO MP 
-----------------------------------------------------------
Andy McDonald            0  0  0   0  0   2  0  0  1  16 
Chris Kunitz             0  0  0   1  0   1  0  0  0  18 
Chris Pronger            0  1  1   1  2   1  2  1  0  26 
Corey Perry              0  0  0   0  0   0  0  1  0  6  
Francois Beauchemin      0  0  0   0  2   0  1  2  0  22 
Jason Marshall           0  0  0   0  2   1  1  2  0  13 
Joe Dipenta              0  0  0   0  0   0  0  0  0  2  
Jozef Stumpel            0  0  0   1  0   3  0  0  19 19 
Ladislav Nagy            0  0  0  -1  0   1  2  0  4  18 
Mike Van Ryn             0  0  0  -1  2   0  0  0  0  18 
Rob Niedermayer          0  0  0  -1  0   2  0  1  2  21 
Ryan Getzlaf             0  0  0  -1  5   2  0  0  27 18 
Samuel Pahlsson          0  0  0   0  2   0  0  0  19 18 
Scott Niedermayer        0  1  1   1  0   5  1  2  0  25 
Sean O'Donnell           0  0  0  -1  0   1  1  1  0  22 
Teemu Selanne            1  0  1   1  0   3  0  0  3  14 
Todd Marchant            0  0  0   0  0   0  0  0  7  9  
Travis Green             0  0  0   0  0   6  0  0  2  20 

3 Stars

1 - Patrick Lalime (NJD)
2 - JS Giguere (ANA)
3 - Richard Matvichuk (NJD)

Power Play

Devils - 2 on 5 Attempt(s) - 40.00%
Ducks - 0 on 3 Attempt(s) - 0.00%

Penalty Kill

Devils - 3 on 3 Attempt(s) - 100.00% - Score 0 goal in Penalty Kill
Ducks - 3 on 5 Attempt(s) - 60.00% - Score 0 goal in Penalty Kill

Game Notes

No Game Note

Finance

Level 1 -- Attendance: 4037 (67.28%) -- Ticket Income $403,700.00
Level 2 -- Attendance: 3405 (81.57%) -- Ticket Income $204,300.00
Level 3 -- Attendance: 1547 (77.36%) -- Ticket Income $54,145.00
Level 4 -- Attendance: 3459 (86.46%) -- Ticket Income $69,180.00
Luxury Box -- Attendance: 714 (71.41%) -- Ticket Income $142,800.00
Game was played at the Arrowhead Pond
Total Attendance: 13162 (76.64%)
Total Ticket Income: $874,469.60
Other Expense: $107,557.40
Total Income: $766,913.00


Play by Play

Period #1

0:01 of 1st period - Jozef Stumpel wins face-off versus Scott Gomez in neutral zone.
0:22 of 1st period - Shot by Jozef Stumpel.
0:22 of 1st period - Stopped by Patrick Lalime without a rebound.
0:23 of 1st period - Mike Comrie wins face-off versus Ryan Getzlaf in Devils zone.
0:25 of 1st period - Major Penalty to Ryan Getzlaf for Kneeing.
0:26 of 1st period - Mike Comrie wins face-off versus Samuel Pahlsson in neutral zone.
0:29 of 1st period - Shot by Brian Gionta.
0:29 of 1st period - Stopped by JS Giguere with a rebound.
1:42 of 1st period - Shot by Travis Green.
1:42 of 1st period - Stopped by Patrick Lalime without a rebound.
1:43 of 1st period - Todd Marchant wins face-off versus Scott Gomez in Devils zone.
2:10 of 1st period - Shot by Miroslav Satan.
2:10 of 1st period - Shot Blocked by Scott Niedermayer.
2:53 of 1st period - Shot by Mike Ribeiro.
2:53 of 1st period - Stopped by JS Giguere without a rebound.
2:54 of 1st period - Todd Marchant wins face-off versus Mike Comrie in Ducks zone.
3:38 of 1st period - Icing by Brian Rafalski.
3:39 of 1st period - Todd Marchant wins face-off versus Scott Gomez in Devils zone.
4:46 of 1st period - Shot by Scott Gomez.
4:46 of 1st period - Goal by Scott Gomez.
4:47 of 1st period - Scott Gomez wins face-off versus Todd Marchant in neutral zone.
4:49 of 1st period - Off-side.
4:50 of 1st period - Todd Marchant wins face-off versus Scott Gomez in neutral zone.
5:28 of 1st period - Icing by Scott Niedermayer.
5:29 of 1st period - Jozef Stumpel wins face-off versus Zach Parise in Ducks zone.
5:29 of 1st period - Scott Niedermayer is hit by Richard Matvichuk and loses puck.
5:58 of 1st period - Juraj Kolnik is hit by Scott Niedermayer and loses puck.
6:05 of 1st period - Minor Penalty to Chris Pronger for Delaying the game.
6:06 of 1st period - Samuel Pahlsson wins face-off versus Mike Comrie in Ducks zone.
6:27 of 1st period - Shot by Mike Comrie.
6:27 of 1st period - Shot Blocked by Sean O'Donnell.
6:30 of 1st period - Shot by Mike Comrie.
6:30 of 1st period - Shot Misses the Net.
6:31 of 1st period - Shot by Brian Gionta.
6:31 of 1st period - Goal by Brian Gionta.
6:32 of 1st period - Sergei Brylin wins face-off versus Ryan Getzlaf in neutral zone.
6:41 of 1st period - Shot by Sergei Brylin.
6:41 of 1st period - Shot Misses the Net.
6:46 of 1st period - Shot by Jay Pandolfo.
6:46 of 1st period - Stopped by JS Giguere without a rebound.
6:47 of 1st period - Jozef Stumpel wins face-off versus John Madden in Ducks zone.
6:58 of 1st period - Shot by Jozef Stumpel.
6:58 of 1st period - Shot Misses the Net.
6:59 of 1st period - Shot by Scott Niedermayer.
6:59 of 1st period - Stopped by Patrick Lalime without a rebound.
7:00 of 1st period - Mike Comrie wins face-off versus Ryan Getzlaf in Devils zone.
7:10 of 1st period - Mike Van Ryn is hit by Mike Ribeiro and loses puck.
7:26 of 1st period - Shot by Ladislav Nagy.
7:26 of 1st period - Shot Misses the Net.
7:29 of 1st period - Shot by Ladislav Nagy.
7:29 of 1st period - Shot Misses the Net.
7:32 of 1st period - Shot by Ladislav Nagy.
7:32 of 1st period - Shot Misses the Net.
7:35 of 1st period - Shot by Ladislav Nagy.
7:35 of 1st period - Shot Blocked by Paul Martin.
7:38 of 1st period - Shot by Rob Niedermayer.
7:38 of 1st period - Stopped by Patrick Lalime without a rebound.
7:39 of 1st period - Scott Gomez wins face-off versus Samuel Pahlsson in Devils zone.
7:48 of 1st period - Shot by Patrik Elias.
7:48 of 1st period - Stopped by JS Giguere without a rebound.
7:49 of 1st period - Zach Parise wins face-off versus Teemu Selanne in Ducks zone.
8:21 of 1st period - Off-side.
8:22 of 1st period - Scott Gomez wins face-off versus Samuel Pahlsson in neutral zone.
8:49 of 1st period - Shot by Patrik Elias.
8:49 of 1st period - Shot Misses the Net.
8:52 of 1st period - Shot by Scott Gomez.
8:52 of 1st period - Shot Blocked by Francois Beauchemin.
8:53 of 1st period - Shot by Scott Gomez.
8:53 of 1st period - Stopped by JS Giguere without a rebound.
8:54 of 1st period - Ryan Getzlaf wins face-off versus Brian Gionta in Ducks zone.
8:56 of 1st period - Ladislav Nagy is hit by Chris Chelios and loses puck.
9:23 of 1st period - Ladislav Nagy is hit by Mike Ribeiro and loses puck.
9:27 of 1st period - Shot by Ryan Getzlaf.
9:27 of 1st period - Stopped by Patrick Lalime without a rebound.
9:28 of 1st period - Jozef Stumpel wins face-off versus Zach Parise in Devils zone.
9:51 of 1st period - Shot by Teemu Selanne.
9:51 of 1st period - Shot Misses the Net.
10:04 of 1st period - Shot by Zach Parise.
10:04 of 1st period - Shot Blocked by Chris Pronger.
10:09 of 1st period - Shot by Chris Kunitz.
10:09 of 1st period - Shot Misses the Net.
10:10 of 1st period - Shot by Chris Pronger.
10:10 of 1st period - Stopped by Patrick Lalime with a rebound.
10:13 of 1st period - Shot by Teemu Selanne.
10:13 of 1st period - Shot Misses the Net.
10:37 of 1st period - Jamie Langenbrunner is hit by Jason Marshall and loses puck.
10:41 of 1st period - Shot by Jay Pandolfo.
10:41 of 1st period - Stopped by JS Giguere with a rebound.
10:42 of 1st period - Shot by Sergei Brylin.
10:42 of 1st period - Stopped by JS Giguere without a rebound.
10:43 of 1st period - Mike Comrie wins face-off versus Ryan Getzlaf in Ducks zone.
11:54 of 1st period - Shot by Patrik Elias.
11:54 of 1st period - Shot Misses the Net.
11:55 of 1st period - Shot by Colin White.
11:55 of 1st period - Stopped by JS Giguere with a rebound.
11:56 of 1st period - Shot by Brian Rafalski.
11:56 of 1st period - Shot Misses the Net.
12:03 of 1st period - Shot by Patrik Elias.
12:03 of 1st period - Shot Blocked by Rob Niedermayer.
12:06 of 1st period - Shot by Miroslav Satan.
12:06 of 1st period - Stopped by JS Giguere with a rebound.
12:07 of 1st period - Shot by Brian Rafalski.
12:07 of 1st period - Shot Misses the Net.
12:10 of 1st period - Shot by Scott Gomez.
12:10 of 1st period - Stopped by JS Giguere without a rebound.
12:11 of 1st period - Zach Parise wins face-off versus Jozef Stumpel in Ducks zone.
13:15 of 1st period - Icing by Jason Marshall.
13:16 of 1st period - Scott Gomez wins face-off versus Samuel Pahlsson in Ducks zone.
13:16 of 1st period - Patrik Elias is hit by Francois Beauchemin and loses puck.
14:53 of 1st period - Icing by Paul Martin.
14:54 of 1st period - Mike Comrie wins face-off versus Ryan Getzlaf in Devils zone.
16:21 of 1st period - Shot by Andy McDonald.
16:21 of 1st period - Stopped by Patrick Lalime without a rebound.
16:22 of 1st period - Sergei Brylin wins face-off versus Jozef Stumpel in Devils zone.
16:29 of 1st period - Shot by Sergei Brylin.
16:29 of 1st period - Stopped by JS Giguere without a rebound.
16:30 of 1st period - Sergei Brylin wins face-off versus Jozef Stumpel in Ducks zone.
16:47 of 1st period - Shot by Sergei Brylin.
16:47 of 1st period - Stopped by JS Giguere without a rebound.
16:48 of 1st period - Mike Comrie wins face-off versus Ryan Getzlaf in Ducks zone.
16:57 of 1st period - Shot by Mike Ribeiro.
16:57 of 1st period - Stopped by JS Giguere without a rebound.
16:58 of 1st period - Mike Comrie wins face-off versus Samuel Pahlsson in Ducks zone.
17:04 of 1st period - Minor Penalty to Samuel Pahlsson for Cross-checking.
17:05 of 1st period - Teemu Selanne wins face-off versus Scott Gomez in Ducks zone.
18:17 of 1st period - Off-side.
18:18 of 1st period - Andy McDonald wins face-off versus Mike Comrie in neutral zone.
18:37 of 1st period - Shot by Mike Comrie.
18:37 of 1st period - Shot Misses the Net.
18:38 of 1st period - Shot by Chris Campoli.
18:38 of 1st period - Shot Misses the Net.
19:17 of 1st period - Shot by Andy McDonald.
19:17 of 1st period - Shot Misses the Net.
19:20 of 1st period - Shot by Andy McDonald.
19:20 of 1st period - Stopped by Patrick Lalime with a rebound.
19:21 of 1st period - Shot by Jason Marshall.
19:21 of 1st period - Stopped by Patrick Lalime without a rebound.
19:22 of 1st period - Ryan Getzlaf wins face-off versus Sergei Brylin in Devils zone.
19:37 of 1st period - Shot by Ryan Getzlaf.
19:37 of 1st period - Shot Misses the Net.
19:43 of 1st period - Icing by Jay Pandolfo.
19:44 of 1st period - Samuel Pahlsson wins face-off versus Sergei Brylin in Devils zone.

Period #2

0:01 of 2nd period - Scott Gomez wins face-off versus Jozef Stumpel in neutral zone.
0:08 of 2nd period - Shot by Teemu Selanne.
0:08 of 2nd period - Shot Misses the Net.
0:09 of 2nd period - Shot by Scott Niedermayer.
0:09 of 2nd period - Shot Misses the Net.
0:12 of 2nd period - Shot by Teemu Selanne.
0:12 of 2nd period - Goal by Teemu Selanne.
0:13 of 2nd period - Ryan Getzlaf wins face-off versus Mike Comrie in neutral zone.
0:42 of 2nd period - Shot by Ladislav Nagy.
0:42 of 2nd period - Shot Misses the Net.
0:49 of 2nd period - Shot by Brian Gionta.
0:49 of 2nd period - Stopped by JS Giguere without a rebound.
0:50 of 2nd period - Jozef Stumpel wins face-off versus Scott Gomez in Ducks zone.
1:13 of 2nd period - Shot by Jozef Stumpel.
1:13 of 2nd period - Shot Misses the Net.
1:14 of 2nd period - Shot by Scott Niedermayer.
1:14 of 2nd period - Stopped by Patrick Lalime without a rebound.
1:15 of 2nd period - Travis Green wins face-off versus Zach Parise in Devils zone.
1:27 of 2nd period - Icing by Jason Marshall.
1:28 of 2nd period - Mike Comrie wins face-off versus Samuel Pahlsson in Ducks zone.
1:30 of 2nd period - Minor Penalty to Francois Beauchemin for Roughing.
1:31 of 2nd period - Mike Comrie wins face-off versus Todd Marchant in Ducks zone.
1:40 of 2nd period - Shot by Mike Comrie.
1:40 of 2nd period - Shot Misses the Net.
1:41 of 2nd period - Shot by Brian Gionta.
1:41 of 2nd period - Stopped by JS Giguere without a rebound.
1:42 of 2nd period - Samuel Pahlsson wins face-off versus Scott Gomez in Ducks zone.
2:29 of 2nd period - Shot by Scott Gomez.
2:29 of 2nd period - Shot Misses the Net.
3:58 of 2nd period - Shot by Andy McDonald.
3:58 of 2nd period - Shot Misses the Net.
3:59 of 2nd period - Shot by Samuel Pahlsson.
3:59 of 2nd period - Shot Blocked by Colin White.
4:00 of 2nd period - Shot by Samuel Pahlsson.
4:00 of 2nd period - Shot Misses the Net.
4:01 of 2nd period - Shot by Francois Beauchemin.
4:01 of 2nd period - Shot Misses the Net.
4:02 of 2nd period - Shot by Travis Green.
4:02 of 2nd period - Shot Hit the Post.
4:06 of 2nd period - Andy McDonald is hit by Colin White and loses puck.
4:37 of 2nd period - Teemu Selanne is hit by Chris Campoli and loses puck.
4:55 of 2nd period - Shot by Teemu Selanne.
4:55 of 2nd period - Shot Misses the Net.
5:00 of 2nd period - Shot by Teemu Selanne.
5:00 of 2nd period - Stopped by Patrick Lalime with a rebound.
5:01 of 2nd period - Shot by Scott Niedermayer.
5:01 of 2nd period - Shot Misses the Net.
5:02 of 2nd period - Shot by Scott Niedermayer.
5:02 of 2nd period - Stopped by Patrick Lalime without a rebound.
5:03 of 2nd period - Mike Comrie wins face-off versus Ryan Getzlaf in Devils zone.
5:03 of 2nd period - Brian Gionta is hit by Sean O'Donnell and loses puck.
6:22 of 2nd period - Brian Gionta is hit by Chris Pronger and loses puck.
7:02 of 2nd period - Shot by Patrik Elias.
7:02 of 2nd period - Stopped by JS Giguere without a rebound.
7:03 of 2nd period - Ladislav Nagy wins face-off versus Zach Parise in Ducks zone.
7:14 of 2nd period - Shot by Rob Niedermayer.
7:14 of 2nd period - Shot Blocked by Richard Matvichuk.
7:19 of 2nd period - Shot by Ladislav Nagy.
7:19 of 2nd period - Stopped by Patrick Lalime without a rebound.
7:20 of 2nd period - Samuel Pahlsson wins face-off versus Scott Gomez in Devils zone.
7:27 of 2nd period - Shot by Travis Green.
7:27 of 2nd period - Shot Misses the Net.
7:28 of 2nd period - Shot by Travis Green.
7:28 of 2nd period - Stopped by Patrick Lalime without a rebound.
7:29 of 2nd period - Sergei Brylin wins face-off versus Samuel Pahlsson in Devils zone.
7:45 of 2nd period - Major Penalty to Jamie Langenbrunner for Kneeing.
7:46 of 2nd period - Ryan Getzlaf wins face-off versus Sergei Brylin in Devils zone.
8:51 of 2nd period - Shot by Teemu Selanne.
8:51 of 2nd period - Shot Misses the Net.
9:22 of 2nd period - Shot by Andy McDonald.
9:22 of 2nd period - Shot Hit the Post.
9:40 of 2nd period - Icing by Mike Van Ryn.
9:41 of 2nd period - Sergei Brylin wins face-off versus Ryan Getzlaf in Ducks zone.
9:54 of 2nd period - Shot by Sergei Brylin.
9:54 of 2nd period - Shot Blocked by Francois Beauchemin.
9:57 of 2nd period - Shot by John Madden.
9:57 of 2nd period - Stopped by JS Giguere with a rebound.
11:09 of 2nd period - Icing by Sean O'Donnell.
11:10 of 2nd period - Ladislav Nagy wins face-off versus Sergei Brylin in Ducks zone.
11:33 of 2nd period - Shot by Andy McDonald.
11:33 of 2nd period - Shot Blocked by Paul Martin.
13:12 of 2nd period - Shot by Samuel Pahlsson.
13:12 of 2nd period - Shot Misses the Net.
13:13 of 2nd period - Shot by Joe Dipenta.
13:13 of 2nd period - Shot Blocked by Chris Chelios.
13:33 of 2nd period - Off-side.
13:34 of 2nd period - Zach Parise wins face-off versus Ryan Getzlaf in neutral zone.
13:42 of 2nd period - Icing by Sean O'Donnell.
13:43 of 2nd period - Ryan Getzlaf wins face-off versus Scott Gomez in Ducks zone.
13:52 of 2nd period - Shot by Patrik Elias.
13:52 of 2nd period - Stopped by JS Giguere without a rebound.
13:53 of 2nd period - Zach Parise wins face-off versus Samuel Pahlsson in Ducks zone.
13:58 of 2nd period - Shot by John Madden.
13:58 of 2nd period - Shot Hit the Post.
14:10 of 2nd period - Travis Green is hit by Richard Matvichuk and loses puck.
14:23 of 2nd period - Icing by John Madden.
14:24 of 2nd period - Jozef Stumpel wins face-off versus Zach Parise in Devils zone.
14:25 of 2nd period - Shot by Teemu Selanne.
14:25 of 2nd period - Shot Misses the Net.
14:26 of 2nd period - Shot by Scott Niedermayer.
14:26 of 2nd period - Stopped by Patrick Lalime without a rebound.
14:27 of 2nd period - Miroslav Satan wins face-off versus Jozef Stumpel in Devils zone.
15:10 of 2nd period - Shot by Teemu Selanne.
15:10 of 2nd period - Stopped by Patrick Lalime without a rebound.
15:11 of 2nd period - Ryan Getzlaf wins face-off versus Mike Comrie in Devils zone.
15:42 of 2nd period - Shot by Ryan Getzlaf.
15:42 of 2nd period - Stopped by Patrick Lalime without a rebound.
15:43 of 2nd period - Samuel Pahlsson wins face-off versus Zach Parise in Devils zone.
15:56 of 2nd period - Shot by Andy McDonald.
15:56 of 2nd period - Shot Blocked by Chris Campoli.
16:08 of 2nd period - Minor Penalty to Jason Marshall for Holding.
16:09 of 2nd period - Todd Marchant wins face-off versus Scott Gomez in Ducks zone.
16:30 of 2nd period - Shot by Scott Gomez.
16:30 of 2nd period - Shot Misses the Net.
16:33 of 2nd period - Shot by Patrik Elias.
16:33 of 2nd period - Shot Blocked by Scott Niedermayer.
18:22 of 2nd period - Shot by John Madden.
18:22 of 2nd period - Shot Misses the Net.
18:27 of 2nd period - Shot by Zach Parise.
18:27 of 2nd period - Shot Blocked by Corey Perry.
19:14 of 2nd period - Shot by Jamie Langenbrunner.
19:14 of 2nd period - Stopped by JS Giguere without a rebound.
19:15 of 2nd period - Mike Comrie wins face-off versus Ryan Getzlaf in Ducks zone.
19:48 of 2nd period - Shot by Brian Gionta.
19:48 of 2nd period - Shot Misses the Net.
19:53 of 2nd period - Shot by Brian Gionta.
19:53 of 2nd period - Stopped by JS Giguere with a rebound.
19:54 of 2nd period - Shot by Chris Chelios.
19:54 of 2nd period - Stopped by JS Giguere without a rebound.
19:55 of 2nd period - Samuel Pahlsson wins face-off versus Scott Gomez in Ducks zone.

Period #3

0:01 of 3rd period - Jozef Stumpel wins face-off versus Scott Gomez in neutral zone.
0:10 of 3rd period - Shot by Jozef Stumpel.
0:10 of 3rd period - Shot Misses the Net.
0:56 of 3rd period - Icing by Scott Niedermayer.
0:57 of 3rd period - Brian Gionta wins face-off versus Jozef Stumpel in Ducks zone.
1:00 of 3rd period - Shot by Mike Comrie.
1:00 of 3rd period - Stopped by JS Giguere without a rebound.
1:01 of 3rd period - Ryan Getzlaf wins face-off versus Mike Comrie in Ducks zone.
2:10 of 3rd period - Shot by John Madden.
2:10 of 3rd period - Stopped by JS Giguere without a rebound.
2:11 of 3rd period - Travis Green wins face-off versus Sergei Brylin in Ducks zone.
2:13 of 3rd period - Minor Penalty to Colin White for Tripping.
2:14 of 3rd period - Sergei Brylin wins face-off versus Jozef Stumpel in Ducks zone.
3:55 of 3rd period - Shot by Teemu Selanne.
3:55 of 3rd period - Stopped by Patrick Lalime without a rebound.
3:56 of 3rd period - Rob Niedermayer wins face-off versus Sergei Brylin in Devils zone.
4:03 of 3rd period - Shot by Rob Niedermayer.
4:03 of 3rd period - Shot Blocked by Brian Rafalski.
5:40 of 3rd period - Shot by Jozef Stumpel.
5:40 of 3rd period - Stopped by Patrick Lalime without a rebound.
5:41 of 3rd period - Ryan Getzlaf wins face-off versus Juraj Kolnik in Devils zone.
6:10 of 3rd period - Shot by Zach Parise.
6:10 of 3rd period - Stopped by JS Giguere with a rebound.
6:11 of 3rd period - Shot by Chris Campoli.
6:11 of 3rd period - Stopped by JS Giguere without a rebound.
6:12 of 3rd period - Sergei Brylin wins face-off versus Samuel Pahlsson in Ducks zone.
6:37 of 3rd period - Shot by Travis Green.
6:37 of 3rd period - Stopped by Patrick Lalime without a rebound.
6:38 of 3rd period - Jozef Stumpel wins face-off versus Mike Comrie in Devils zone.
6:52 of 3rd period - Minor Penalty to Brian Gionta for Delaying the game.
6:53 of 3rd period - Ryan Getzlaf wins face-off versus Scott Gomez in Devils zone.
8:06 of 3rd period - Shot by Jozef Stumpel.
8:06 of 3rd period - Shot Blocked by Chris Campoli.
8:11 of 3rd period - Shot by Teemu Selanne.
8:11 of 3rd period - Stopped by Patrick Lalime without a rebound.
8:12 of 3rd period - Scott Gomez wins face-off versus Ryan Getzlaf in Devils zone.
8:20 of 3rd period - Icing by Francois Beauchemin.
8:21 of 3rd period - Ryan Getzlaf wins face-off versus Sergei Brylin in Ducks zone.
8:23 of 3rd period - Icing by Chris Kunitz.
8:24 of 3rd period - Scott Gomez wins face-off versus Ryan Getzlaf in Ducks zone.
9:03 of 3rd period - Shot by Travis Green.
9:03 of 3rd period - Stopped by Patrick Lalime without a rebound.
9:04 of 3rd period - Mike Comrie wins face-off versus Jozef Stumpel in Devils zone.
10:00 of 3rd period - Off-side.
10:01 of 3rd period - Scott Gomez wins face-off versus Samuel Pahlsson in neutral zone.
10:16 of 3rd period - Shot by Patrik Elias.
10:16 of 3rd period - Shot Misses the Net.
10:17 of 3rd period - Shot by Brian Rafalski.
10:17 of 3rd period - Shot Blocked by Jason Marshall.
10:22 of 3rd period - Shot by Patrik Elias.
10:22 of 3rd period - Stopped by JS Giguere with a rebound.
10:36 of 3rd period - Samuel Pahlsson is hit by Miroslav Satan and loses puck.
11:22 of 3rd period - Shot by Juraj Kolnik.
11:22 of 3rd period - Shot Misses the Net.
11:23 of 3rd period - Shot by Richard Matvichuk.
11:23 of 3rd period - Goal by Richard Matvichuk.
11:24 of 3rd period - Jozef Stumpel wins face-off versus Mike Comrie in neutral zone.
11:47 of 3rd period - Shot by Mike Comrie.
11:47 of 3rd period - Stopped by JS Giguere without a rebound.
11:48 of 3rd period - Sergei Brylin wins face-off versus Ryan Getzlaf in Ducks zone.
11:50 of 3rd period - Jamie Langenbrunner is hit by Ladislav Nagy and loses puck.
11:55 of 3rd period - Icing by Sean O'Donnell.
11:56 of 3rd period - Juraj Kolnik wins face-off versus Ryan Getzlaf in Ducks zone.
11:57 of 3rd period - Shot by Zach Parise.
11:57 of 3rd period - Stopped by JS Giguere without a rebound.
11:58 of 3rd period - Ryan Getzlaf wins face-off versus Zach Parise in Ducks zone.
12:00 of 3rd period - Icing by Ladislav Nagy.
12:01 of 3rd period - Rob Niedermayer wins face-off versus Zach Parise in Ducks zone.
12:25 of 3rd period - Juraj Kolnik is hit by Ladislav Nagy and loses puck.
12:29 of 3rd period - Shot by Juraj Kolnik.
12:29 of 3rd period - Stopped by JS Giguere with a rebound.
12:30 of 3rd period - Shot by Zach Parise.
12:30 of 3rd period - Stopped by JS Giguere without a rebound.
12:30 of 3rd period - Minor Penalty to JS Giguere for Delaying the game.
12:31 of 3rd period - Patrik Elias wins face-off versus Samuel Pahlsson in Ducks zone.
14:53 of 3rd period - Juraj Kolnik is hit by Chris Pronger and loses puck.
15:14 of 3rd period - Icing by Richard Matvichuk.
15:15 of 3rd period - Samuel Pahlsson wins face-off versus Zach Parise in Devils zone.
16:04 of 3rd period - Shot by Jamie Langenbrunner.
16:04 of 3rd period - Shot Misses the Net.
16:07 of 3rd period - Shot by Jamie Langenbrunner.
16:07 of 3rd period - Stopped by JS Giguere with a rebound.
16:07 of 3rd period - Minor Penalty to Mike Van Ryn for Elbowing.
16:07 of 3rd period - Minor Penalty to Colin White for Roughing.
16:08 of 3rd period - Patrik Elias wins face-off versus Jozef Stumpel in Ducks zone.
16:19 of 3rd period - Shot by Scott Niedermayer.
16:19 of 3rd period - Stopped by Patrick Lalime without a rebound.
16:20 of 3rd period - Scott Gomez wins face-off versus Ryan Getzlaf in Devils zone.
16:27 of 3rd period - Shot by Scott Gomez.
16:27 of 3rd period - Shot Misses the Net.
16:42 of 3rd period - Shot by Ladislav Nagy.
16:42 of 3rd period - Shot Misses the Net.
16:43 of 3rd period - Shot by Sean O'Donnell.
16:43 of 3rd period - Stopped by Patrick Lalime with a rebound.
16:46 of 3rd period - Shot by Ryan Getzlaf.
16:46 of 3rd period - Shot Misses the Net.
17:12 of 3rd period - Icing by Chris Chelios.
17:13 of 3rd period - Teemu Selanne wins face-off versus Brian Gionta in Devils zone.
17:43 of 3rd period - Off-side.
17:44 of 3rd period - Ladislav Nagy wins face-off versus Scott Gomez in neutral zone.
18:29 of 3rd period - Shot by Zach Parise.
18:29 of 3rd period - Shot Blocked by Jason Marshall.
18:32 of 3rd period - Shot by John Madden.
18:32 of 3rd period - Stopped by JS Giguere without a rebound.
18:33 of 3rd period - Sergei Brylin wins face-off versus Ladislav Nagy in Ducks zone.
18:52 of 3rd period - Shot by Ryan Getzlaf.
18:52 of 3rd period - Shot Blocked by Colin White.
18:53 of 3rd period - Shot by Mike Van Ryn.
18:53 of 3rd period - Shot Misses the Net.
18:56 of 3rd period - Shot by Ladislav Nagy.
18:56 of 3rd period - Stopped by Patrick Lalime without a rebound.
18:57 of 3rd period - Samuel Pahlsson wins face-off versus Mike Comrie in Devils zone.
19:22 of 3rd period - Shot by Travis Green.
19:22 of 3rd period - Stopped by Patrick Lalime with a rebound.
19:31 of 3rd period - Shot by Brian Gionta.
19:31 of 3rd period - Stopped by JS Giguere with a rebound.
19:34 of 3rd period - Shot by Mike Comrie.
19:34 of 3rd period - Shot Misses the Net.
19:39 of 3rd period - Shot by Brian Gionta.
19:39 of 3rd period - Stopped by JS Giguere without a rebound.
19:40 of 3rd period - Jozef Stumpel wins face-off versus Zach Parise in Ducks zone.
19:51 of 3rd period - Shot by Chris Kunitz.
19:51 of 3rd period - Stopped by Patrick Lalime without a rebound.
19:52 of 3rd period - Ryan Getzlaf wins face-off versus Scott Gomez in Devils zone.


Output by the STHS for Stephane Roy -- Original Page W3C XHTML 1.0 Valid